 Dungeon Crawl Stone Soup version 0.31-a0-1068-g5939ac1fb6 (webtiles) character file.

Game seed: 18056472905730753156

688 Azuregosa the Covert (level 7, -5/49 HPs)
             Began as an Octopode Delver on Nov 25, 2023.
             Was an Initiate of Gozag.
             Slain by a gnoll sergeant
             ... wielding a +0 spear
              (13 damage)
             ... on level 4 of the Dungeon.
             The game lasted 00:09:34 (3830 turns).

Azuregosa the Covert (Octopode Delver)              Turns: 3830, Time: 00:09:35

Health: -5/49      AC:  1    Str: 11    XL:     7   Next: 63%
Magic:  7/7        EV: 13    Int: 13    God:    Gozag
Gold:   761        SH:  0    Dex: 15    Spells: 6/6 levels left

rFire   . . .        a - +0 short sword
rCold   . . .        (no shield)
rNeg    . . .        (helmet restricted)
rPois   .            (no amulet)
rElec   .            k - ring of wizardry
rCorr   .            (no ring)
SInv    .            (no ring)
Will    .....        (no ring)
Stlth   ++++++       (no ring)
HPRegen 0.28/turn    (no ring)
MPRegen 0.10/turn    (no ring)
                     (no ring)

%: wizardry (x1)
@: no status effects
A: almost no armour, amphibious, 8 rings, camouflage 1, gelatinous body 1,
(nimble swimmer 1), tentacles
a: Renounce Religion, Potion Petition, Call Merchant, Bribe Branch


You were on level 4 of the Dungeon.
You worshipped Gozag.
Gozag was pleased with you.
You visited 2 branches of the dungeon, and saw 6 of its levels.

You collected 773 gold pieces.
You paid 12 gold pieces to Gozag.

Inventory:

Hand Weapons
 a - a +0 short sword (weapon)
 q - a +2 mace of protection
 B - a +1 spear of venom
Missiles
 h - 40 stones
 C - a throwing net
Magical Staves
 s - a staff of death
Jewellery
 k - a ring of wizardry (left tentacle)
 m - an amulet of faith
Talismans
 e - a serpent talisman
Wands
 f - a wand of digging (3)
Scrolls
 b - a scroll of fog
 d - a scroll of fear
 g - 2 scrolls of silence {unknown}
 j - 2 scrolls of poison {unknown}
 l - a scroll of revelation
 o - a scroll of blinking {unknown}
 p - 4 scrolls of teleportation {unknown}
 u - 3 scrolls of identify {unknown}
 v - 3 scrolls of brand weapon {unknown}
 x - a scroll of noise {unknown}
 y - 2 scrolls of amnesia {unknown}
 A - a scroll of acquirement {unknown}
Potions
 c - a potion of might {unknown}
 i - a potion of brilliance {unknown}
 n - a potion of magic {unknown}
 r - a potion of heal wounds {unknown}
 t - a potion of invisibility {unknown}
 w - a potion of degeneration {unknown}
 z - a potion of ambrosia {unknown}


   Skills:
 + Level 4.8 Fighting
 - Level 2.0 Short Blades
 - Level 2.0 Dodging
 - Level 12.0 Stealth


You had 6 spell levels left.
You didn't know any spells.
Your spell library was empty.

Dungeon Overview and Level Annotations

Branches:
Dungeon (5/15)             Temple (1/1) D:5

Altars:
Cheibriados
Dithmenos
Fedhas
Gozag
Qazlal
Trog
Uskayaw
Vehumet
Wu Jian
Xom
The Shining One


Innate Abilities, Weirdness & Mutations

You cannot wear most types of armour.
You are amphibious.
You can wear up to eight rings at the same time.
Your skin changes colour to match your surroundings (Stealth+).
Your rubbery body absorbs attacks. (AC +1, EV +1)
((You are camouflaged when in or above water. (Stealth+)))
You have tentacles for arms and can constrict up to eight enemies at once.


Message History

You hit the gnoll.
You kill the gnoll!
The gnoll sergeant closely misses you. The gnoll barely misses you.
You hit the gnoll. You grab the gnoll.
You squeeze the gnoll, but do no damage.
The gnoll is moderately wounded.
You constrict the gnoll.
The gnoll sergeant hits you from afar with a +0 spear.
You hit the gnoll but do no damage.
The gnoll is heavily wounded.
You constrict the gnoll.
The gnoll struggles to escape constriction.
The gnoll sergeant is distracted by your dazzling golden aura.
The gnoll hits you from afar with a +0 spear.
The gnoll struggles to escape constriction.
The gnoll sergeant shouts!
You hit the gnoll.
The gnoll is almost dead.
You constrict the gnoll.
You kill the gnoll!
The gnoll bouda is distracted by your dazzling golden aura.
The gnoll is distracted by your dazzling golden aura.
The gnoll bouda is no longer distracted by gold.
The gnoll sergeant is no longer distracted by gold.
The gnoll is no longer distracted by gold.
The gnoll sergeant attacks as it pursues you!
The gnoll sergeant hits you from afar with a +0 spear.
The gnoll sergeant attacks as it pursues you!
The gnoll sergeant hits you from afar with a +0 spear!
The gnoll sergeant attacks as it pursues you!
The gnoll sergeant hits you from afar with a +0 spear.
* * * LOW HITPOINT WARNING * * *
The gnoll sergeant closely misses you.
The gnoll sergeant attacks as it pursues you!
The gnoll sergeant hits you from afar with a +0 spear.
* * * LOW HITPOINT WARNING * * *
The gnoll sergeant attacks as it pursues you!
The gnoll sergeant hits you from afar with a +0 spear!
You die...
Your body crumbles into a pile of gold.

#### #.#.#)###......# #........#
[..# #.#.#)# #......###........#
...# #.#.#)# #......##.........#
...# #.#.#.# #......#..#########
...# #.#.#.# #......#.##
...###.#.#)#####.#..g.###########
..................g..............
#####..#....###...###############
#####...........@....#####
.......).................#
######.........#.###[###.#
.........>............##.#
####).###.##.###..#.####.# #
#..........##..#.# #.#
####...#...#...#..#.# #.#
......###.###.....#.# #.#
####...#...#..##..#)# #.#


You could see a gnoll sergeant and a gnoll.

Vanquished Creatures
  Sigmund (D:2)
  A scorpion (D:4)
  3 hounds
  A jelly (D:4)
  An iguana (D:4)
  15 gnolls
  9 adders
  2 worms
  2 dart slugs
  5 orcs
  7 ball pythons
  10 endoplasms
  3 giant cockroaches
  7 goblins
  7 hobgoblins
  A jackal (D:2)
  4 quokkas
  2 bats (D:1)
  3 frilled lizards
  7 kobolds
  9 rats
100 creatures vanquished.

Notes
Turn   | Place    | Note
-------+----------+-------------------------------------------
     0 | D:5      | Azuregosa the Octopode Delver began the quest for the Orb.
     0 | D:5      | Reached XP level 1. HP: 16/16 MP: 1/1
     0 | D:5      | Found a staircase to the Ecumenical Temple.
     9 | Temple   | Entered the Ecumenical Temple
    39 | D:5      | Noticed a hound
    41 | D:5      | Killed a hound
    42 | D:5      | Reached skill level 8 in Stealth
    42 | D:5      | Reached XP level 2. HP: 21/21 MP: 2/2
    42 | D:5      | Reached XP level 3. HP: 26/26 MP: 3/3
    45 | D:5      | Noticed an ogre
   122 | Temple   | Became a worshipper of Gozag Ym Sagoz the Greedy
   207 | D:5      | Reached XP level 4. HP: 16/31 MP: 4/4
   295 | D:4      | Found a radiant altar of Vehumet.
   299 | D:4      | Reached skill level 9 in Stealth
   326 | D:4      | Reached XP level 5. HP: 36/36 MP: 5/5
   497 | D:4      | Reached skill level 10 in Stealth
   529 | D:4      | Reached XP level 6. HP: 42/42 MP: 6/6
  1266 | D:2      | Reached skill level 11 in Stealth
  1375 | D:2      | Noticed Sigmund
  1381 | D:2      | Killed Sigmund
  1382 | D:2      | Reached skill level 12 in Stealth
  1382 | D:2      | Reached XP level 7. HP: 46/46 MP: 7/7
  3104 | D:3      | Found a shimmering altar of Xom.
  3780 | D:4      | Found the +5 woodcutter's axe
  3781 | D:4      | Identified the +0 hand axe of Tionn {antimagic, Will- Str-5
                  | Dex+7 Stlth+}
  3830 | D:4      | Slain by a gnoll sergeant

Illustrated notes

Levels and vault maps discovered:
D:1:      dpeg_arrival_arbitrary_c, layout_rooms, minmay_quantized
D:2:      layout_rooms, minmay_vboxes, uniq_sigmund
D:3:      layout_basic, lemuel_doored_altar
D:4:      layout_basic, vehumet_crystals, pf_guarded_unrand_woodcutter
D:5:      nicolae_cairo_tiling_very_big, layout_rooms,
          mainiacjoe_overflow_six_doors_small,
          minmay_temple_entry_drinking_statues
Temple:   jpeg_temple_island

Skill      XL: |  1  2  3  4  5  6  7 |
---------------+----------------------+-----
Stealth        | 8 9 10 12 | 12.0
Fighting       | 4 |  4.8
Short Blades   | |  2.0
Dodging        | |  2.0

Action                     |  1- 3 |  4- 6 |  7- 9 || total
---------------------------+-------+-------+-------++-------
  Melee: Short sword       |    10 |    66 |    98 ||   174
         Constrict         |     3 |    14 |    25 ||    42
         Tentacles         |     2 |    10 |    21 ||    33
         Punch             |       |     1 |       ||     1
    Use: Scroll            |     1 |       |       ||     1
         Potion            |       |     1 |       ||     1
   Stab: Sleeping          |     1 |    18 |    25 ||    44
         Distracted        |       |       |     2 ||     2
 Armour: Skin              |     3 |    20 |    43 ||    66
  Dodge: Dodged            |     4 |    24 |    43 ||    71

Table legend: (Time is in decaauts)
 A = Elapsed time spent in this place.
 B = Non-inter-level travel time spent in this place.
 C = Inter-level travel time spent in this place.
 D = Time resting spent in this place.
 E = Time spent auto-exploring this place.
 F = Levels seen in this place.
 G = Mean time per level.
                   A        B        C        D        E       F      G
               +--------+--------+--------+--------+--------+-----+--------+
         Total |   3796 |   3712 |     84 |    587 |   1897 |   6 |  632.7 |
       Dungeon |   3727 |   3675 |     52 |    587 |   1897 |   5 |  745.4 |
        Temple |     69 |     37 |     32 |      0 |      0 |   1 |   69.0 |
               +--------+--------+--------+--------+--------+-----+--------+

Top non-repeatable levels by time:
     D:4: 1411 daAuts
     D:2: 874 daAuts
     D:3: 579 daAuts
     D:1: 535 daAuts
     D:5: 326 daAuts
  Temple: 69 daAuts
